 Dungeon Sprint DCSS version 0.29.1-15-g9cfb28693d (webtiles) character file.

Game seed: 5880545422230691205

6458 LynnLen the Ninja (level 10, -21/44 HPs)
             Began as a Spriggan Enchanter on June 8, 2023.
             Was the Champion of Dithmenos.
             Demolished by a lorocyproca (35 damage)
             ... in the Dungeon (Sprint I: "Red Sonja").
             The game lasted 00:10:04 (1595 turns).

LynnLen the Ninja (Spriggan Enchanter)              Turns: 1595, Time: 00:10:04

Health: -21/44     AC:  6    Str:  4    XL:     10   Next: 67%
Magic:  16/26      EV: 19    Int: 28    God:    Dithmenos [******]
Gold:   977        SH:  0    Dex: 21    Spells: 23/31 levels left

rFire   . . .      SeeInvis +   p - +4 dagger "Qorui" {vorpal, *Noise Int+6 Dex+6}
rCold   . . .      Faith    .   q - orb {guile}
rNeg    . . .      Spirit   .   n - +0 steam dragon scales
rPois   .          Reflect  .   r - +1 hat
rElec   .          Harm     .   (no cloak)
rCorr   .          Rampage  .   (gloves unavailable)
Will    .....      NoTele   +   (boots unavailable) Stlth ********++
                                (no amulet)
HPRegen 0.14/turn               (no ring)
MPRegen 0.20/turn               (no ring)

@: wreathed by umbra, invisible, very quick
A: very small, no large weapons, unfitting armour, see invisible, speed 3
a: Renounce Religion, Shadow Step, Shadow Form


You were in the Dungeon.
You worshipped Dithmenos.
Dithmenos was exalted by your worship.
You visited 1 branch You collected 1986 gold pieces.
You spent 1009 gold pieces at shops.

Inventory:

Hand Weapons
 o - a +1 dagger of speed
 p - the +4 dagger "Qorui" (weapon) {vorpal, *Noise Int+6 Dex+6}
   (You bought it in a shop in the Dungeon)

   It inflicts extra damage upon your enemies.
   Int:       It affects your intelligence (+6).
   Dex:       It affects your dexterity (+6).
   *Noise:    It may make noises in combat.
Armour
 b - a +0 robe
 n - +0 steam dragon scales (worn)
 q - an orb of guile (worn)
 r - a +1 hat (worn)
Jewellery
 l - the ring of Nacepec {Wiz Will++ Str-4}
   (You found it in the Dungeon)

   [ring of wizardry]

   It improves your spell success rate.
   Str:       It affects your strength (-4).
   Will:      It greatly increases your willpower.
Wands
 f - a wand of charming (6)
Scrolls
 i - 2 scrolls of blinking
 j - 2 scrolls of poison {unknown}
Potions
 d - 5 potions of curing
 g - 2 potions of magic
 h - a potion of berserk rage
 k - a potion of lignification {unknown}
 m - a potion of attraction {unknown}
Miscellaneous
 a - a lightning rod (4/4)
 s - a tin of tremorstones (2/2)


   Skills:
 - Level 1.1 Short Blades
 + Level 4.0 Dodging
 O Level 27 Stealth
 + Level 11.4 Spellcasting
 + Level 17.7 Hexes
 * Level 5.6 Evocations


You had 23 spell levels left.
You knew the following spells:

 Your Spells              Type           Power      Damage    Failure   Level
a - Ensorcelled Hibernat  Hex/Ice        100%       N/A       1%          2
b - Confusing Touch       Hex            86%        N/A       0%          3
c - Tukima's Dance        Hex            86%        N/A       0%          3

Your spell library contained the following spells:

 Spells                   Type           Power      Damage    Failure   Level
 Dazzling Flash           Conj/Hex       100%       N/A       1%          3
 Hailstorm                Conj/Ice       15%        3d5       34%         4
 Ice Form                 Ice/Tmut       15%        N/A       34%         4
 Simulacrum               Ice/Necr       7%         N/A       99%         6


Dungeon Overview and Level Annotations

Branches:
Dungeon (1/1)

Altars:
Cheibriados
Dithmenos
Elyvilon
Fedhas
Gozag
Hepliaklqana
Kikubaaqudgha
Makhleb
Nemelex Xobeh
Okawaru
Qazlal
Ru
Sif Muna
Trog
Uskayaw
Vehumet
Wu Jian
Xom
Yredelemnul
Zin
The Shining One
Jiyva
Lugonu

Shops:
D **=(!!(((*[=((?[(


Innate Abilities, Weirdness & Mutations

You are very small and have problems with some larger weapons.
You are too small for most types of armour.
You have supernaturally acute eyesight. (SInv)
You cover ground extremely quickly. (Speed+++)


Message History

There is an open door here.
You catch the helpless demonic crawler completely off-guard!
You perforate the demonic crawler like a sieve!!!
You kill the demonic crawler!
Dithmenos accepts your kill.
Your Dodging skill increases to level 4!
Your Evocations skill increases to level 5!
You see here a demonic crawler corpse.
You close the door.
You start resting.
Magic restored.
You start resting.
Something unseen opens the door.
You start resting.
A lorocyproca comes into view.
Press: ? - help, v - describe, . - travel
Here: a lorocyproca (wandering, slightly transparent, hasn't noticed you, umbra)
An open door.
Casting: Confusing Touch (safe; 0% risk of failure)
Confirm with . or Enter, or press ? or * to list all spells.
Your hands begin to glow red.
The lorocyproca gives a chilling moan.
The lorocyproca hits you!!
Ouch! That really hurt!
* * * LOW HITPOINT WARNING * * *
You emit a cloud of dark smoke.
You feel your power leaking away.
You fade into invisibility!
The lorocyproca barely misses you.
You hit the lorocyproca but do no damage.
The lorocyproca appears confused.
You strike the helpless lorocyproca from behind!
You perforate the lorocyproca like a sieve!!!
The lorocyproca is severely wounded.
You hit the lorocyproca but do no damage.
The lorocyproca is severely wounded.
You barely miss the lorocyproca.
The lorocyproca is severely wounded.
The lorocyproca hits you!!
Ouch! That really hurt!
You die...

#######################
#.)'..#.)'..#_§#§§§§.)#
'..#.)'..#..'.§2@§#...##+#
#####'#####'#_§####)..'..#
####..#...#.####§.#####§.'$
#__####..##§#§§~§§#..# +###
#_____##'#§§§~§~§.§..#
#_.∩...'..._#§§~.)#..#
#_..__##_.#'##§#####'###
#_____###'#.#...[###.'.#
#########.####'###.###.#


You could see a lorocyproca (invisible, confused).

Vanquished Creatures
  2 centaur warriors (D)
  Sonja (D)
  A deep troll (D)
  An oklob plant (D)
  A gargoyle (D)
  2 unseen horrors (D)
  2 demonic crawlers (D)
  2 kobold demonologists (D)
  A hornet (D)
  A slime creature (D)
  Sigmund (D)
  A yak (D)
  2 redbacks (D)
  2 floating eyes (D)
  An ogre (D)
  7 necrophages (D)
  8 jellies (D)
  Ijyb (D)
  A ballistomycete spore (D)
38 creatures vanquished.

Vanquished Creatures (others)
  A ballistomycete spore (D)
1 creature vanquished.

Grand Total: 39 creatures vanquished

Notes
Turn   | Place    | Note
-------+----------+-------------------------------------------
     0 | D        | LynnLen the Spriggan Enchanter began the quest for the Orb.
     0 | D        | Reached XP level 1. HP: 9/9 MP: 5/5
     4 | D        | Noticed Ijyb
    16 | D        | Killed Ijyb
    17 | D        | Reached skill level 7 in Stealth
    17 | D        | Reached XP level 2. HP: 1/13 MP: 5/7
    19 | D        | Noticed an ogre
    23 | D        | Killed an ogre
    24 | D        | Reached skill level 10 in Stealth
    24 | D        | Reached skill level 5 in Spellcasting
    24 | D        | Reached XP level 3. HP: 2/16 MP: 5/10
    24 | D        | Reached XP level 4. HP: 3/21 MP: 6/12
    25 | D        | Noticed Sigmund
    29 | D        | Killed Sigmund
    30 | D        | Reached skill level 13 in Stealth
    30 | D        | Reached skill level 10 in Hexes
    30 | D        | Reached XP level 5. HP: 3/24 MP: 6/14
   305 | D        | Learned a level 2 spell: Ensorcelled Hibernation
   309 | D        | Learned a level 3 spell: Confusing Touch
   313 | D        | Learned a level 3 spell: Tukima's Dance
   327 | D        | Found an ornate altar of the Wu Jian Council.
   327 | D        | Found a shimmering blue altar of Sif Muna.
   329 | D        | Found a radiant altar of Vehumet.
   334 | D        | Reached XP level 6. HP: 28/28 MP: 14/16
   364 | D        | Found Zuarch's Assorted Antiques.
   364 | D        | Found an ancient bone altar of Kikubaaqudgha.
   364 | D        | Found a hazy altar of Hepliaklqana.
   364 | D        | Found a stormy altar of Qazlal.
   364 | D        | Found a hide-covered altar of Uskayaw.
   364 | D        | Found a blossoming altar of Fedhas.
   364 | D        | Found a bloodstained altar of Trog.
   364 | D        | Found an iron altar of Okawaru.
   364 | D        | Found a basalt altar of Yredelemnul.
   364 | D        | Found a glowing golden altar of the Shining One.
   364 | D        | Found a snail-covered altar of Cheibriados.
   364 | D        | Found a sacrificial altar of Ru.
   364 | D        | Found a glowing silver altar of Zin.
   364 | D        | Found a shadowy altar of Dithmenos.
   364 | D        | Found a white marble altar of Elyvilon.
   364 | D        | Noticed a yak
   365 | D        | Found an opulent altar of Gozag.
   366 | D        | Killed a yak
   367 | D        | Reached skill level 15 in Stealth
   367 | D        | Found a sparkling altar of Nemelex Xobeh.
   374 | D        | Became a worshipper of Dithmenos the Shadowed
   386 | D        | Noticed Sonja
   390 | D        | Killed Sonja
   391 | D        | Reached skill level 18 in Stealth
   391 | D        | Reached XP level 7. HP: 32/32 MP: 17/19
   407 | D        | Found Ridis's General Store.
   656 | D        | Identified the ring of Nacepec {Wiz Will++ Str-4}
   669 | D        | Noticed a deep troll
   673 | D        | Killed a deep troll
   674 | D        | Reached skill level 19 in Stealth
   674 | D        | Reached XP level 8. HP: 36/36 MP: 19/21
   685 | D        | Found Belostunwa's Armour Emporium.
   715 | D        | Bought +0 steam dragon scales for 560 gold pieces
   732 | D        | Noticed a centaur warrior
   733 | D        | Noticed a centaur warrior
   736 | D        | Killed a centaur warrior
   736 | D        | Reached * piety under Dithmenos
   737 | D        | Reached skill level 21 in Stealth
   737 | D        | Reached skill level 15 in Hexes
   737 | D        | Reached XP level 9. HP: 39/39 MP: 21/23
   740 | D        | Killed a centaur warrior
   741 | D        | Reached skill level 22 in Stealth
   795 | D        | Found a burning altar of Makhleb.
   795 | D        | Found a viscous altar of Jiyva.
   795 | D        | Found a shimmering altar of Xom.
   795 | D        | Found a corrupted altar of Lugonu.
   799 | D        | Reached skill level 10 in Spellcasting
   811 | D        | Noticed a kobold demonologist
   812 | D        | Noticed a kobold demonologist
   814 | D        | Reached ** piety under Dithmenos
   815 | D        | Reached skill level 23 in Stealth
   816 | D        | Killed a kobold demonologist
   817 | D        | Killed a kobold demonologist
   847 | D        | Reached skill level 24 in Stealth
   857 | D        | Noticed an oklob plant
   859 | D        | Killed an oklob plant
   859 | D        | Reached *** piety under Dithmenos
   860 | D        | Reached XP level 10. HP: 44/44 MP: 25/25
   870 | D        | Reached skill level 25 in Stealth
   888 | D        | Reached **** piety under Dithmenos
   905 | D        | Reached skill level 26 in Stealth
   909 | D        | Reached ***** piety under Dithmenos
   955 | D        | Reached ****** piety under Dithmenos
   958 | D        | Reached skill level 27 in Stealth
   983 | D        | Found Tapnirr's Antique Weapon Shoppe.
   983 | D        | Found Ezeum's Jewellery Shop.
   983 | D        | Found Ciulux's Distillery.
   985 | D        | Found Poligop's Distillery.
   985 | D        | Found Rih Umuk's Weapon Shop.
   985 | D        | Found Zessas's Weapon Shoppe.
   985 | D        | Found Toqoub's Weapon Boutique.
   985 | D        | Found Vic Rez's Assorted Antiques.
   985 | D        | Found Ammaid's Armour Shop.
   985 | D        | Found Hithif's Jewellery Shoppe.
   989 | D        | Found Irchoav's Antique Weapon Boutique.
   990 | D        | Found Coexuxelum's Magic Scroll Emporium.
   990 | D        | Found Foinwown's Weapon Boutique.
   991 | D        | Found Zacs's Weapon Emporium.
  1002 | D        | Bought a bone dagger for 161 gold pieces
  1002 | D        | Identified the +4 dagger "Qorui" {vorpal, *Noise Int+6
                  | Dex+6} (You bought it in a shop in the Dungeon)
  1005 | D        | Bought an orb of guile for 156 gold pieces
  1005 | D        | Bought a +1 hat for 132 gold pieces
  1337 | D        | Noticed a lindwurm
  1337 | D        | Noticed a gargoyle
  1405 | D        | Killed a gargoyle
  1497 | D        | Reached skill level 5 in Evocations
  1588 | D        | Noticed a lorocyproca
  1595 | D        | Demolished by a lorocyproca

Illustrated notes

Levels and vault maps discovered:
D:        dungeon_sprint_1 [red_sonja_temple_1, red_sonja_temple_small_1]

Skill      XL: |  1  2  3  4  5  6  7  8  9 10 |
---------------+-------------------------------+-----
Stealth        | 7 10 13 18 19 21 24 27 | 27.0
Spellcasting   | 3 5 6 8 9 10 11 | 11.4
Hexes          | 6 8 10 13 14 15 17 | 17.7
Dodging        | 4 |  4.0
Evocations     | 5 |  5.6
Short Blades   | |  1.1

Action                   |  1- 3 |  4- 6 |  7- 9 | 10-12 || total
-------------------------+-------+-------+-------+-------++-------
Melee: Dagger            |    10 |     4 |    11 |    46 ||    71
 Cast: Ensorcelled Hiber |       |       |     1 |     1 ||     2
       Confusing Touch   |       |       |       |     5 ||     5
  Use: Potion            |     2 |       |       |     2 ||     4
 Stab: Sleeping          |     2 |     4 |    10 |    18 ||    34
       Confused          |       |       |       |     5 ||     5
Armor: Steam dragon scal |       |       |     2 |     7 ||     9
Dodge: Dodged            |     1 |       |     2 |    28 ||    31
